cohdb
Replays
Latest Replays
All Replays
Popular Replays
Top Player Replays
Match Explorer
How It Works
Community
CoH3 Stats
Reddit
Sign in to upload your games and track your stats! →
Sign in with Steam
3v3 Axis Nebels and forward heals FTW
Match 7899206
Overview
Messages
Build Orders
End
Royal Engineer Section
Construct Section Command Post
Vickers Machine Gun Team
Infantry Section
Selects Indian Artillery Battlegroup
Selects Towed ML 4.2-inch Heavy Mortar
Towed ML 4.2-inch Heavy Mortar
Construct Platoon Command Post
Selects Valour
Grenade Package
6-pounder Anti-tank Gun Team
Selects Gurkha Rifles Section
Gurkha Rifles Section
Construct Company Command Post
Selects Volunteer Infantry
Foot Guards Section
Selects Off-map Airburst Barrage
broodwarjc
dcarman251
AlliedTerrorist
John J. Matrix
Tea2theBag
Mr. Shindo
0
0
Comments
sign in to comment!
No comments posted yet!